Unix NetHack Version 5.0.0-0 post-release - last build Jun 10 2026 00:39:30 (3ee93aec679c4c4259841fe613dc97188e26a321,branch:main).

Game began 2026-07-02 14:58:53, ended 2026-07-02 15:02:46.

A4Paper, chaotic female elven Wizard

                           -------                     -------------
                           ......|                     |...........|
                           |......#   -------          |(...^......|
                           |.....|#   |...<.|          |...........|
                           --.--.-#   |.....|   ####@f#..._.........#
                                # #   |......####      -------------#
                                  #   |.....|                       #
                                  #   --.-|--                       ##
                                  ##    ######                       #
                             .     #      #  #####                   ##
                             .     ##     #      #################### #
                             $      #     #                         ########
                             .      #-----.----                       #----.--
                             .      #.........|                       #|.....|
                            ---      |........|                       #......|
                                     |........|                        |.....|
                                     |........|                        |.....|
                                     ----------                        -------

A4Paper the Conjurer      St:13 Dx:12 Co:16 In:14 Wi:9 Ch:11  Chaotic S:160
Dlvl:1  $:0  HP:25(25) Pw:31(31) AC:9  Xp:3/40 T:1106 

Latest messages:
 You feel an unseen monster!
 You feel an unseen monster!
 You feel an unseen monster!
 You feel an unseen monster!
 You feel an unseen monster!
 You hear some noises.
 You feel an unseen monster!
 You feel an unseen monster!
 It bites!
 It bites!
 It bites!
 You feel an unseen monster!
 You feel an unseen monster!
 You feel an unseen monster!
 You feel an unseen monster!
 You feel an unseen monster!
 You feel an unseen monster!
 You feel an unseen monster!
 You feel an unseen monster!
 You feel an unseen monster!
 You feel an unseen monster!
 You feel an unseen monster!
 You feel an unseen monster!
 You can see again.
 You swap places with Bluey.
 You already found a monster.  Use 'm' prefix to force another search.
 You already found a monster.  Use 'm' prefix to force another search.
 You already found a monster.  Use 'm' prefix to force another search.
 You already found a monster.  Use 'm' prefix to force another search.
 You already found a monster.  Use 'm' prefix to force another search.
 You already found a monster.  Use 'm' prefix to force another search.
 You already found a monster.  Use 'm' prefix to force another search.
 You already found a monster.  Use 'm' prefix to force another search.
 You already found a monster.  Use 'm' prefix to force another search.
 You already found a monster.  Use 'm' prefix to force another search.
 You already found a monster.  Use 'm' prefix to force another search.
 You already found a monster.  Use 'm' prefix to force another search.
 You kill the jackal!
 You see here a jackal corpse.
 Bluey eats a jackal corpse.
 In what direction?
 The spell hits the kobold!
 You kill the kobold!
 Welcome to experience level 3.
 You feel full of energy.
 #
 Really quit without saving? [yn] (n)
 #
 Really quit without saving? [yn] (n)
 Do you want your possessions identified? [ynq] (y)

Inventory:
 Weapons  (')')
  q - 8 cursed -1 crossbow bolts
  u - 8 blessed +0 silver arrows
  t - 10 +0 shuriken
  a - a blessed +1 quarterstaff (weapon in hands)
 Armor    ('[')
  b - an uncursed +0 cloak of magic resistance (being worn)
 Scrolls  ('?')
  i - 2 uncursed scrolls of enchant weapon
  s - an uncursed scroll of scare monster
 Spellbooks  ('+')
  l - an uncursed spellbook of clairvoyance
  k - a blessed spellbook of force bolt
  v - an uncursed spellbook of teleport away
 Potions  ('!')
  f - an uncursed potion of fruit juice
  g - an uncursed potion of healing
  o - an uncursed potion of sickness
 Rings    ('=')
  d - an uncursed ring of fire resistance (on right hand)
  e - a cursed +1 ring of increase damage
 Wands    ('/')
  c - a wand of light (0:12)
 Tools    ('(')
  n - an uncursed wooden flute
  m - a magic marker (0:20)

A4Paper the Wizard's attributes:

Background:
 You were a Conjurer, a level 3 female elven Wizard.
 You were chaotic, on a mission for Anhur
 who was opposed by Ptah (lawful) and Thoth (neutral).
 You were left-handed.
 You were in the Dungeons of Doom, on level 1.
 You entered the dungeon 1106 turns ago.
 There was a full moon in effect when your adventure ended.
 You had 40 experience points, 40 more were needed to attain level 4.
 Your score was 160 before end-of-game adjustments.

Basics:
 You had all 25 hit points.
 You had all 31 energy points (spell power).
 Your armor class was 9.
 Your wallet was empty.
 Autopickup was off.

Final Characteristics:
 Your strength was 13 (limit:18).
 Your dexterity was 12 (limit:18).
 Your constitution was 16 (limit:16).
 Your intelligence was 14 (limit:20).
 Your wisdom was 9 (limit:20).
 Your charisma was 11 (limit:18).

Final Status:
 You weren't hungry.
 You were unencumbered.
 You were wielding a quarterstaff.
 You had basic skill with quarterstaff.

Final Attributes:
 You were devoutly aligned.
 You were magic-protected.
 You were fire resistant.
 Your items were protected from fire.
 You had infravision.
 You were warded.
 You were lucky.
 You survived.

Miscellaneous:
 You didn't encounter any bones levels.
 Total elapsed playing time was 3 minutes and 53 seconds.

Major events:
 Turn
    1: A4Paper the chaotic female elven Wizard entered the dungeon
 1057: attained the rank of Conjurer (level 3)
 1106: quit

Spells:
 Name                 Level Category     Fail Retention
 force bolt             1   attack         0%  91%-100%
 clairvoyance           3   divination    98%  76%-100%

Skills:
 Fighting Skills
   bare handed combat [Unskilled]
   riding             [Unskilled]
 Weapon Skills
   dagger             [Unskilled]
   knife              [Unskilled]
   axe                [Unskilled]
   short sword        [Unskilled]
   club               [Unskilled]
   mace               [Unskilled]
   quarterstaff       [Basic]
   polearms           [Unskilled]
   spear              [Unskilled]
   trident            [Unskilled]
   sling              [Unskilled]
   dart               [Unskilled]
   shuriken           [Unskilled]
 Spellcasting Skills
   attack spells      [Basic]
   healing spells     [Unskilled]
   divination spells  [Unskilled]
   enchantment spells [Basic]
   clerical spells    [Unskilled]
   escape spells      [Unskilled]
   matter spells      [Unskilled]

Voluntary challenges:
 Character rerolling was not enabled.
 You went without food.
 You never genocided any monsters.
 You never polymorphed an object.
 You never changed form.
 You used no wishes.
Achievement:
 You attained the rank of Conjurer.

 The Dungeons of Doom:
    Level 1: <- You were here.
       An altar to Anhur.


Vanquished creatures:
  2 water nymphs
 an orc zombie
  8 jackals
  a kobold
  2 goblins
  a sewer rat
  2 grid bugs
  2 lichens
  2 kobold zombies
  4 newts
25 creatures vanquished.

No species were genocided or became extinct.

Goodbye A4Paper the Wizard...

You quit in The Dungeons of Doom on dungeon level 1 with 160 points,
and 0 pieces of gold, after 1106 moves.
You were level 3 with a maximum of 25 hit points when you quit.

